 Dungeon Crawl Stone Soup version 0.25-a0-36-g303dd5b1f4 (webtiles) character file.

Game seed: 11452403918496530165, levelgen mode: deterministic

8075 Ablot the Magician (level 11, -3/84 HPs)
             Began as a Gnoll Skald on Oct 19, 2019.
             Was a High Priest of Okawaru.
             Killed from afar by an electric eel (11 damage)
             ... with a bolt of electricity
             ... on level 10 of the Dungeon.
             The game lasted 00:34:43 (9699 turns).

Ablot the Magician (Gnoll Skald)                    Turns: 9699, Time: 00:34:44

Health: -3/84      AC: 11    Str: 17    XL:     11   Next: 25%
Magic:  22/22      EV: 17    Int: 19    God:    Okawaru [*****.]
Gold:   254        SH:  0    Dex: 15    Spells: 3/25 levels left

rFire    + . .     SeeInvis .   h - +7 hand axe of Purpose {drain, Int+4}
rCold    x . .     Gourm    .   (no shield)
rNeg     . . .     Faith    .   V - +0 steam dragon scales
rPois    +         Spirit   .   y - +0 helmet
rElec    .         Reflect  .   U - +1 cloak {rPois}
rCorr    .         Harm     .   (no gloves)
MR       .....                  i - +0 pair of boots
Stlth    +++.......             s - amulet of magic regeneration
HPRegen  0.24/turn              B - ring of fire
MPRegen  0.43/turn              (no ring)

@: no status effects
A: distributed training, fangs 1, strong nose
a: Heroism, Finesse, Renounce Religion


You were on level 10 of the Dungeon.
You worshipped Okawaru.
Okawaru was extremely pleased with you.
You were not hungry.

You visited 1 branch of the dungeon, and saw 10 of its levels.

You collected 503 gold pieces.
You spent 249 gold pieces at shops.

Inventory:

Hand Weapons
 h - the +7 hand axe of Purpose (weapon) {drain, Int+4}
   (You found it on level 5 of the Dungeon)

   A truly terrible weapon, it drains the life of those it strikes.
   It affects your intelligence (+4).
 x - a +1 hunting sling of velocity
 G - a +0 trident
Missiles
 e - 41 poisoned darts (quivered)
 l - 114 sling bullets
 m - 45 bolts
 r - 242 arrows
 t - 380 stones
 D - 12 curare-tipped darts
Armour
 i - a +0 pair of boots (worn)
 y - a +0 helmet (worn)
 U - a +1 cloak of poison resistance (worn)
 V - +0 steam dragon scales (worn)
Magical Staves
 a - an uncursed staff of conjuration
Jewellery
 s - an amulet of magic regeneration (around neck)
 B - a ring of fire (left hand)
Wands
 F - a wand of digging (12)
 J - a wand of iceblast (12)
 K - a wand of scattershot (3)
 M - a wand of polymorph (7)
 N - a wand of random effects (19)
 Q - a wand of flame (18)
Scrolls
 f - 7 scrolls of teleportation
 k - 7 scrolls of remove curse
 p - 2 scrolls of magic mapping {unknown}
 q - 3 scrolls of enchant armour {unknown}
 v - 4 scrolls of enchant weapon
 w - 5 scrolls of amnesia {unknown}
 z - 2 scrolls of fog
 A - 2 scrolls of noise {unknown}
 E - a scroll of blinking {unknown}
 H - 3 scrolls of fear
 P - a scroll of random uselessness {unknown}
 R - a scroll of torment {unknown}
Potions
 b - 2 potions of haste
 c - a potion of invisibility {unknown}
 g - 4 potions of heal wounds
 j - a potion of ambrosia {unknown}
 n - 4 potions of curing
 o - 4 potions of might
 u - 3 potions of flight
 C - 2 potions of lignification
 I - a potion of mutation {unknown}
 L - a potion of berserk rage {unknown}
 O - a potion of cancellation {unknown}
Comestibles
 d - 27 rations


   Skills:
 + Level 7.6 Fighting
 + Level 6.0 Short Blades
 + Level 6.0 Long Blades
 + Level 6.0 Axes
 + Level 6.0 Maces & Flails
 + Level 7.6 Polearms
 + Level 6.0 Staves
 + Level 6.0 Slings
 + Level 6.0 Bows
 + Level 6.0 Crossbows
 + Level 6.0 Throwing
 + Level 6.6 Armour
 + Level 7.6 Dodging
 + Level 6.0 Stealth
 + Level 6.0 Shields
 + Level 6.0 Unarmed Combat
 + Level 7.9 Spellcasting
 + Level 5.0 Conjurations
 + Level 5.0 Hexes
 + Level 7.5 Charms
 + Level 5.0 Summonings
 + Level 5.0 Necromancy
 + Level 5.0 Translocations
 + Level 5.0 Transmutations
 + Level 5.0 Fire Magic
 + Level 5.0 Ice Magic
 + Level 5.0 Air Magic
 + Level 5.0 Earth Magic
 + Level 5.0 Poison Magic
 + Level 6.6 Invocations
 + Level 6.0 Evocations


You had 3 spell levels left.
You knew the following spells:

 Your Spells              Type           Power        Failure   Level  Hunger
a - Infusion              Chrm           ####         1%          1    None
b - Song of Slaying       Chrm           #####...     1%          2    None
c - Shroud of Golubria    Chrm/Tloc      ####..       1%          2    None
d - Regeneration          Chrm/Necr      ####......   2%          3    None
e - Spectral Weapon       Hex/Chrm       ####....     2%          3    None
f - Blink                 Tloc           N/A          1%          2    None
g - Conjure Flame         Conj/Fire      #####...     3%          3    None
h - Mephitic Cloud        Conj/Pois/Air  ####....     3%          3    None
i - Beastly Appendage     Tmut           ####..       1%          1    None
j - Slow                  Hex            ####....     1%          2    None

Your spell library contained the following spells:

 Spells                   Type           Power        Failure   Level  Hunger
 Magic Dart               Conj           ####         1%          1    None
 Summon Small Mammal      Summ           ####         1%          1    None
 Call Imp                 Summ           ####....     1%          2    None
 Sticks to Snakes         Tmut           ####....     1%          2    None
 Call Canine Familiar     Summ           ####....     3%          3    None
 Spider Form              Tmut/Pois      ####......   3%          3    None
 Summon Guardian Golem    Hex/Summ       ####....     3%          3    None
 Ice Form                 Ice/Tmut       ####....     12%         4    ###....
 Summon Ice Beast         Ice/Summ       ####....     12%         4    ###....
 Summon Lightning Spire   Summ/Air       ####....     12%         4    ###....
 Blade Hands              Tmut           ####......   32%         5    #####..


Dungeon Overview and Level Annotations

Branches:
Dungeon (10/15)            Temple (0/1) D:4
   Lair: D:8-11         Orc: D:9-12

Altars:
Ashenzari
Cheibriados
Dithmenos
Elyvilon
Fedhas
Kikubaaqudgha
Makhleb
Okawaru
Qazlal
Ru
Sif Muna
Vehumet
Wu Jian
Yredelemnul
The Shining One

Shops:
D:5 }   D:8 [   D:9 ?

Annotations:
D:8 exclusion: statue
D:10 exclusion: electric eel


Innate Abilities, Weirdness & Mutations

Your experience applies equally to all skills.
You have very sharp teeth.
Your uncanny sense of smell can sniff out nearby items.


Message History

Unknown command.
The electric eel shoots out a bolt of lightning at you!
The bolt of electricity hits you.
The electric eel shoots out a bolt of lightning at you!
The bolt of electricity misses the electric eel.
The bolt of electricity hits you!
The electric eel shoots out a bolt of lightning at you!
The bolt of electricity hits you! x2
The bolt of electricity hits the electric eel.
The electric eel completely resists.
The electric eel shoots out a bolt of lightning at you!
The bolt of electricity hits the electric eel.
The electric eel completely resists.
The bolt of electricity hits you!
* * * LOW HITPOINT WARNING * * *
The bolt of electricity hits you!
* * * LOW HITPOINT WARNING * * *
There is a stone staircase leading up here.
The electric eel shoots out a bolt of lightning at you!
The bolt of electricity hits you!
You die...

. #.#..
#....
##≈≈.##
.≈≈≈≈..
≈≈≈≈≈≈≈####
≈≈≈≈≈≈≈≈#@#
#≈≈≈≈≈≈≈≈.#
#≈≈≈≈≈;≈.#
#≈≈≈≈≈;≈.#
#≈≈≈;≈≈≈.#
#≈≈≈≈≈≈≈.#
≈
#≈≈≈≈≈≈≈.#
#≈≈≈≈≈≈≈.#
..≈≈≈≈≈≈≈.#


You could see 3 electric eels.

Vanquished Creatures
  A hydra (D:8)
  A kobold demonologist (D:9)
  A troll (D:6)
  A hornet (D:9)
  A hippogriff (D:8)
  2 dream sheep (D:8)
  7 yaks
  Eustachio (D:4)
  A steam dragon (D:9)
  An orc warrior (D:7)
  2 ice beasts (D:9)
  2 black bears
  3 sky beasts
  5 ogres
  A centaur (D:5)
  Blork the orc (D:5)
  14 big kobolds
  7 bullfrogs
  2 scorpions
  8 wights
  6 electric eels (D:9)
  3 howler monkeys
  A bullfrog zombie (D:7)
  3 crimson imps (D:6)
  An orc priest (D:4)
  3 hounds
  A gnoll shaman (D:7)
  3 jellies
  15 orc wizards
  2 centaur skeletons
  2 iguanas
  5 worker ants
  A killer bee zombie (D:9)
  A worker ant zombie (D:7)
  Robin (D:2)
  A howler monkey skeleton (D:6)
  11 adders
  6 gnolls
  2 shadow imps (D:8)
  2 oozes (D:2)
  2 adder skeletons
  4 worms
  4 dart slugs
  7 leopard geckos
  10 orcs
  3 giant cockroaches
  11 goblins (D:2)
  10 hobgoblins
  10 jackals
  6 quokkas
  2 ball pythons
  8 bats
  3 frilled lizards
  A jackal skeleton (D:5)
  15 kobolds
  A quokka skeleton (D:4)
  7 rats
  3 plants
239 creatures vanquished.

Vanquished Creatures (others)
  An electric eel (D:6)
  4 plants
5 creatures vanquished.

Grand Total: 244 creatures vanquished

Notes
Turn   | Place    | Note
-------+----------+-------------------------------------------
     0 | D:1      | Ablot the Gnoll Skald began the quest for the Orb.
     0 | D:1      | Reached XP level 1. HP: 20/20 MP: 6/6
   192 | D:1      | Reached XP level 2. HP: 26/26 MP: 2/7
   196 | D:1      | Learned a level 2 spell: Song of Slaying
   199 | D:1      | Learned a level 2 spell: Shroud of Golubria
   927 | D:2      | Found an ornate altar of the Wu Jian Council.
   933 | D:2      | Reached XP level 3. HP: 30/31 MP: 9/9
   940 | D:2      | Reached skill level 5 in Spellcasting
  1107 | D:2      | Learned a level 3 spell: Regeneration
  1111 | D:2      | Learned a level 3 spell: Spectral Weapon
  1210 | D:2      | Reached skill level 1 in Invocations
  1233 | D:2      | Noticed Robin
  1261 | D:2      | Reached skill level 1 in Short Blades
  1261 | D:2      | Reached skill level 1 in Long Blades
  1261 | D:2      | Reached skill level 1 in Axes
  1261 | D:2      | Reached skill level 1 in Maces & Flails
  1261 | D:2      | Reached skill level 1 in Staves
  1261 | D:2      | Reached skill level 1 in Slings
  1261 | D:2      | Reached skill level 1 in Bows
  1261 | D:2      | Reached skill level 1 in Crossbows
  1261 | D:2      | Reached skill level 1 in Throwing
  1261 | D:2      | Reached skill level 1 in Stealth
  1261 | D:2      | Reached skill level 1 in Shields
  1261 | D:2      | Reached skill level 1 in Unarmed Combat
  1261 | D:2      | Reached skill level 1 in Evocations
  1263 | D:2      | Reached XP level 4. HP: 34/38 MP: 6/11
  1283 | D:2      | Killed Robin
  1561 | D:2      | Found an iron altar of Okawaru.
  1571 | D:2      | Reached skill level 1 in Conjurations
  1571 | D:2      | Reached skill level 1 in Hexes
  1571 | D:2      | Reached skill level 1 in Summonings
  1571 | D:2      | Reached skill level 1 in Necromancy
  1571 | D:2      | Reached skill level 1 in Translocations
  1571 | D:2      | Reached skill level 1 in Transmutations
  1571 | D:2      | Reached skill level 1 in Fire Magic
  1571 | D:2      | Reached skill level 1 in Ice Magic
  1571 | D:2      | Reached skill level 1 in Air Magic
  1571 | D:2      | Reached skill level 1 in Earth Magic
  1571 | D:2      | Reached skill level 1 in Poison Magic
  1582 | D:2      | Became a worshipper of Warmaster Okawaru
  1798 | D:3      | Reached XP level 5. HP: 43/43 MP: 10/12
  1834 | D:3      | Found a glowing golden altar of the Shining One.
  1866 | D:3      | Found a shimmering blue altar of Sif Muna.
  2313 | D:3      | Learned a level 2 spell: Blink
  2411 | D:3      | Found a stormy altar of Qazlal.
  2412 | D:3      | Noticed an air elemental
  2413 | D:3      | Noticed a water elemental
  2414 | D:3      | Noticed a fire elemental
  2501 | D:4      | Noticed an ogre
  2511 | D:4      | Killed an ogre
  2511 | D:4      | Reached XP level 6. HP: 50/50 MP: 7/14
  2528 | D:4      | Reached * piety under Okawaru
  2528 | D:4      | Reached skill level 5 in Fighting
  2528 | D:4      | Reached skill level 5 in Polearms
  2528 | D:4      | Reached skill level 5 in Dodging
  2551 | D:4      | Found a white marble altar of Elyvilon.
  2613 | D:4      | Found a staircase to the Ecumenical Temple.
  2629 | D:4      | Noticed Eustachio
  2642 | D:4      | Killed Eustachio
  2642 | D:4      | Reached XP level 7. HP: 51/56 MP: 7/15
  3260 | D:4      | Reached ** piety under Okawaru
  3299 | D:4      | Found a burning altar of Makhleb.
  3301 | D:4      | Found a sacrificial altar of Ru.
  3303 | D:4      | Found a shadowy altar of Dithmenos.
  3305 | D:4      | Found a snail-covered altar of Cheibriados.
  3473 | D:5      | Entered Level 5 of the Dungeon
  3524 | D:5      | Reached XP level 8. HP: 55/63 MP: 16/16
  3709 | D:5      | Learned a level 3 spell: Conjure Flame
  3760 | D:5      | Got a dazzling hand axe
  3887 | D:5      | Noticed Blork the orc
  3905 | D:5      | Killed Blork the orc
  4039 | D:5      | Found Puhasehe's Gadget Emporium.
  4231 | D:5      | Learned a level 3 spell: Mephitic Cloud
  4443 | D:6      | Found a shattered altar of Ashenzari.
  4476 | D:6      | Reached *** piety under Okawaru
  4615 | D:6      | Identified the +7 hand axe of Purpose {drain, Int+4} (You
                  | found it on level 5 of the Dungeon)
  4714 | D:6      | Noticed a troll
  4735 | D:6      | Killed a troll
  4735 | D:6      | Reached XP level 9. HP: 19/69 MP: 13/18
  5108 | D:6      | Found a blossoming altar of Fedhas.
  5509 | D:7      | Reached skill level 5 in Armour
  5621 | D:7      | Reached **** piety under Okawaru
  6205 | D:8      | Found a basalt altar of Yredelemnul.
  6575 | D:8      | Found Olyos's Antique Armour Boutique.
  6578 | D:8      | Bought a pitted leather armour for 189 gold pieces
  6588 | D:8      | Identified the +0 leather armour of Classification {Str+3}
                  | (You bought it in a shop on level 8 of the Dungeon)
  6673 | D:8      | Reached skill level 5 in Invocations
  6821 | D:8      | Found a radiant altar of Vehumet.
  6839 | D:8      | Reached XP level 10. HP: 77/77 MP: 20/20
  6893 | D:8      | Learned a level 1 spell: Beastly Appendage
  6896 | D:8      | Learned a level 2 spell: Slow
  7322 | D:8      | Received a gift from Okawaru
  7322 | D:8      | Reached skill level 5 in Short Blades
  7322 | D:8      | Reached skill level 5 in Long Blades
  7322 | D:8      | Reached skill level 5 in Axes
  7322 | D:8      | Reached skill level 5 in Maces & Flails
  7322 | D:8      | Reached skill level 5 in Staves
  7322 | D:8      | Reached skill level 5 in Slings
  7322 | D:8      | Reached skill level 5 in Bows
  7322 | D:8      | Reached skill level 5 in Crossbows
  7322 | D:8      | Reached skill level 5 in Throwing
  7322 | D:8      | Reached skill level 5 in Stealth
  7322 | D:8      | Reached skill level 5 in Shields
  7322 | D:8      | Reached skill level 5 in Unarmed Combat
  7322 | D:8      | Reached skill level 5 in Evocations
  7355 | D:8      | Noticed a three-headed hydra
  7679 | D:8      | Killed a three-headed hydra
  7679 | D:8      | Reached ***** piety under Okawaru
  7679 | D:8      | Received a gift from Okawaru
  7779 | D:8      | You fall into a shaft and drop 2 floors!
  7779 | D:10     | Entered Level 10 of the Dungeon
  8154 | D:9      | Noticed a kobold demonologist
  8160 | D:9      | Killed a kobold demonologist
  8160 | D:9      | Received a gift from Okawaru
  8239 | D:9      | Reached XP level 11. HP: 84/84 MP: 22/22
  8279 | D:9      | Received a gift from Okawaru
  8330 | D:9      | Found an ancient bone altar of Kikubaaqudgha.
  9417 | D:9      | Reached skill level 5 in Conjurations
  9417 | D:9      | Reached skill level 5 in Hexes
  9417 | D:9      | Reached skill level 5 in Summonings
  9417 | D:9      | Reached skill level 5 in Necromancy
  9417 | D:9      | Reached skill level 5 in Translocations
  9417 | D:9      | Reached skill level 5 in Transmutations
  9417 | D:9      | Reached skill level 5 in Fire Magic
  9417 | D:9      | Reached skill level 5 in Ice Magic
  9417 | D:9      | Reached skill level 5 in Air Magic
  9417 | D:9      | Reached skill level 5 in Earth Magic
  9417 | D:9      | Reached skill level 5 in Poison Magic
  9545 | D:9      | Found Siskumimm's Magic Scroll Shop.
  9550 | D:9      | Bought a scroll of fog for 22 gold pieces
  9550 | D:9      | Bought a scroll of fear for 38 gold pieces
  9699 | D:10     | Killed from afar by an electric eel

Levels and vault maps discovered:
D:1:      minmay_arrival_stair_chambers, layout_loops_ring, serial_forest,
          infiniplex_forest_corner_1, infiniplex_forest_clump_curved,
          infiniplex_forest_corner_2, infiniplex_forest_straight_2,
          infiniplex_forest_straight_2, infiniplex_forest_end_2,
          infiniplex_forest_lined_ring, minmay_misc_feat_nine_boxes,
          feat_on_display
D:2:      layout_loops_ring, old_standard_altar, old_standard_altar,
          first_ration, uniq_robin
D:3:      layout_basic, led_sif_book, nicolae_qazlal_style_of_elements,
          lemuel_crystal_altar, eino_tiny_chamber, due_unseen_surprise
D:4:      layout_basic, minitemple, marbit_many_paths,
          minmay_temple_entry_slanted, uniq_eustachio
D:5:      layout_loops_ring, serial_shops, nicolae_shop_behind_doors,
          uniq_blork_the_orc
D:6:      minmay_chambers_of_sixes, layout_rooms, fedhas_ov_isle_minmay,
          ashenzari_conservatory_becter, chequers_serial_rivers_micro_a,
          minmay_hedge_maze, serial_bayou_lagoon_a
D:7:      layout_basic
D:8:      minmay_flawed_box, layout_loops_ring, old_standard_altar,
          vehumet_statue, serial_shops, kennysheep_mini, hangedman_ranch
          [blue_anna_fruit_fields]
D:9:      layout_roguey [special_room_kobold], kiku_gazebo_pond_becter,
          serial_shops, kennysheep_little_box, serial_bayou,
          serial_bayou_lake_a, serial_bayou_pond_c, serial_bayou_pond_b,
          serial_bayou_ford_a, serial_bayou_pond_e,
          hangedman_abyss_or_decor_lesser_grid
D:10:     layout_basic, kennysheep_orc_monster_closet_entryway,
          kennysheep_small_square

Skill      XL: |  1  2  3  4  5  6  7  8  9 10 11 |
---------------+----------------------------------+-----
Spellcasting   | 5 6 7 |  7.9
Invocations    | 1 2 3 4 5 6 |  6.6
Short Blades   | 1 2 3 4 5 6 |  6.0
Long Blades    | 1 2 3 4 5 6 |  6.0
Axes           | 1 2 3 4 5 6 |  6.0
Maces & Flails | 1 2 3 4 5 6 |  6.0
Staves         | 1 2 3 4 5 6 |  6.0
Slings         | 1 2 3 4 5 6 |  6.0
Bows           | 1 2 3 4 5 6 |  6.0
Crossbows      | 1 2 3 4 5 6 |  6.0
Throwing       | 1 2 3 4 5 6 |  6.0
Stealth        | 1 2 3 4 5 6 |  6.0
Shields        | 1 2 3 4 5 6 |  6.0
Unarmed Combat | 1 2 3 4 5 6 |  6.0
Evocations     | 1 2 3 4 5 6 |  6.0
Conjurations   | 1 2 3 4 5 |  5.0
Hexes          | 1 2 3 4 5 |  5.0
Summonings     | 1 2 3 4 5 |  5.0
Necromancy     | 1 2 3 4 5 |  5.0
Translocations | 1 2 3 4 5 |  5.0
Transmutations | 1 2 3 4 5 |  5.0
Fire Magic     | 1 2 3 4 5 |  5.0
Ice Magic      | 1 2 3 4 5 |  5.0
Air Magic      | 1 2 3 4 5 |  5.0
Earth Magic    | 1 2 3 4 5 |  5.0
Poison Magic   | 1 2 3 4 5 |  5.0
Armour         | 3 4 5 6 |  6.6
Fighting       | 5 6 7 |  7.6
Polearms       | 5 6 7 |  7.6
Dodging        | 5 6 7 |  7.6
Charms         | 6 7 |  7.5

Action                   |  1- 3 |  4- 6 |  7- 9 | 10-12 || total
-------------------------+-------+-------+-------+-------++-------
Melee: Spear             |   168 |   158 |   222 |       ||   548
       Bite              |    19 |    14 |    34 |    21 ||    88
       Punch             |     1 |       |     4 |     9 ||    14
       Hand axe          |       |       |   141 |   219 ||   360
       Trident           |       |       |       |    10 ||    10
 Fire: Hunting sling     |       |       |       |    17 ||    17
Throw: Dart              |       |       |       |     4 ||     4
 Cast: Infusion          |     2 |     6 |    10 |     3 ||    21
       Shroud of Golubri |     4 |    14 |    34 |    23 ||    75
       Spectral Weapon   |     1 |     4 |    21 |    14 ||    40
       Song of Slaying   |     1 |       |     3 |     4 ||     8
       Regeneration      |       |     7 |    10 |    16 ||    33
       Conjure Flame     |       |       |     1 |     3 ||     4
       Mephitic Cloud    |       |       |     1 |     2 ||     3
       Blink             |       |       |       |    13 ||    13
       Slow              |       |       |       |     5 ||     5
Evoke: Wand              |       |       |     1 |       ||     1
  Use: Scroll            |     3 |       |     5 |     4 ||    12
       Potion            |       |       |     2 |     1 ||     3
 Stab: Sleeping          |     3 |     5 |    10 |     4 ||    22
       Distracted        |       |       |     3 |     2 ||     5
  Eat: Chunk             |     1 |     7 |    13 |     7 ||    28
       Ration            |       |       |     1 |     1 ||     2
Armor: Leather armour    |    14 |    32 |    19 |       ||    65
       Robe              |       |       |    46 |     2 ||    48
       Ring mail         |       |       |       |    53 ||    53
       Steam dragon scal |       |       |       |     2 ||     2
Dodge: Dodged            |    57 |    80 |   201 |   150 ||   488

Table legend:
 A = Non-vault XP
 B = Vault XP
 C = Vault XP percentage of total XP
 D = Non-vault monster count
 E = Vault monster count
 F = Vault count percentage of total count
                 A         B        C        D         E       F
            +---------+---------+-------+---------+---------+-------
      Total |    6340 |    5196 |  45.0 |     169 |      68 |  28.7
            +---------+---------+-------+---------+---------+-------
        D:1 |      26 |       0 |   0.0 |       9 |       0 |   0.0
        D:2 |      86 |      36 |  29.5 |      29 |      12 |  29.3
        D:3 |      72 |      76 |  51.4 |      15 |       2 |  11.8
        D:4 |     687 |     199 |  22.5 |      20 |       2 |   9.1
        D:5 |     470 |     100 |  17.5 |      13 |       1 |   7.1
        D:6 |     920 |     488 |  34.7 |      20 |       6 |  23.1
        D:7 |     699 |       0 |   0.0 |      20 |       0 |   0.0
        D:8 |     958 |    2536 |  72.6 |      17 |      16 |  48.5
        D:9 |    2380 |    1761 |  42.5 |      25 |      29 |  53.7
       D:10 |      42 |       0 |   0.0 |       1 |       0 |   0.0
            +---------+---------+-------+---------+---------+-------
